AoeStats
← kneehao

Nomad

510840540Analyzed
4v4 RM · 18h ago on Oct 2, 2026· 44m 53s· 8 players
Game mode
Random Map
Map size
231×231
Population
200
Speed
Normal
Resources
Standard
Victory
Conquest
Starting age
Dark Age
Ending age
Imperial Age
RankedLock teamsTeams togetherTeam positionsShared explorationLock speedFull tech treeHidden civsTurbo modeCheats
Victory
Defeat
🇬🇧 Italians · United Kingdom
1164
+16
🇺🇸 Mongols · United States
1153
+16
🇵🇹 Japanese · Portugal
1142
+17
🇬🇧 Danes · United Kingdom
1134
+17
🇸🇪 Franks · Sweden
1268
-22
🇸🇪 Koreans · Sweden
1157
-16
🇸🇪 Aztecs · Sweden
1128
-15
🇸🇪 Huns · Sweden
1071
-13
Pablito
11:25 Loom
15:16 Feudal Age
17:32 Fletching
22:00 Castle Age
19:49 Double-Bit Axe
21:29 Padded Archer Armor
22:08 Wheelbarrow
23:24 Medium Warships
24:37 Bodkin Arrow
26:20 Ballistics
26:14 Careening
30:25 Leather Archer Armor
36:57 Imperial Age
35:31 Scale Mail Armor
35:43 Forging
35:35 Horse Collar
36:43 Chain Mail Armor
38:44 Iron Casting
37:35 Capped Ram
38:42 Conscription
41:16 Chemistry
40:37 Elite Samurai
kneehao
4:13 Loom
14:59 Feudal Age
15:38 Fishing Lines
20:29 Castle Age
18:35 Double-Bit Axe
19:29 Stone Mining
20:23 Gold Mining
22:06 Gillnets
23:15 Wheelbarrow
23:04 Bow Saw
22:46 Horse Collar
26:10 Heavy Plow
28:07 Ballistics
30:38 Imperial Age
29:06 Gold Shaft Mining
29:13 Fletching
29:25 Padded Archer Armor
31:16 Bloodlines
31:06 Husbandry
31:03 Bodkin Arrow
31:24 Leather Archer Armor
30:58 Town Watch
31:42 Conscription
32:16 Bracer
33:17 Chemistry
31:52 Light Cavalry
32:55 Thumb Ring
33:57 Elite Mangudai
35:27 Scale Barding Armor
37:03 Chain Barding Armor
36:55 Forging
36:58 Hussar
43:01 Iron Casting
[BCBC] Simps
14:31 Feudal Age
15:45 Loom
18:18 Castle Age
16:16 Double-Bit Axe
16:59 Fletching
17:09 Padded Archer Armor
21:20 Bodkin Arrow
21:36 Crossbowman
22:28 Gold Mining
23:59 Ballistics
26:14 Thumb Ring
32:12 Imperial Age
30:20 Wheelbarrow
33:22 Bracer
34:11 Arbalester
35:00 Fishing Lines
43:32 Town Watch
44:26 Hand Cart
46:25 Chemistry
[BCBC] robwadsworth92
6:18 Loom
15:07 Feudal Age
19:29 Castle Age
17:21 Fishing Lines
19:50 Double-Bit Axe
21:14 Gillnets
22:10 Wheelbarrow
21:33 Double-Bit Axe
22:26 Padded Archer Armor
22:29 Scale Mail Armor
23:29 Bow Saw
24:12 Hand Cart
27:00 Chain Mail Armor
27:10 Squires
28:15 Arson
29:11 Forging
29:40 Town Watch
32:14 Iron Casting
31:11 Hamask
35:40 Imperial Age
36:06 Onager
37:03 Northmen's Fury
39:49 Siege Engineers
39:40 Siege Onager
Westbergen
15:54 Feudal Age
17:01 Double-Bit Axe
21:31 Castle Age
23:58 Wheelbarrow
23:27 Stone Mining
25:22 Bow Saw
28:35 Fletching
30:50 Gold Mining
33:53 Forging
34:10 Ballistics
40:20 Imperial Age
38:36 Bodkin Arrow
39:35 Light Cavalry
41:47 Eupseong
Knutbypastorn
6:31 Loom
16:30 Feudal Age
16:56 Double-Bit Axe
17:53 Fishing Lines
21:19 Castle Age
22:32 Bow Saw
22:52 Scale Barding Armor
22:57 Forging
26:13 Wheelbarrow
26:35 Horse Collar
28:34 Chain Barding Armor
28:52 Gold Mining
29:12 Marauders
30:07 Husbandry
30:30 Bloodlines
31:34 Town Watch
34:29 Iron Casting
34:17 Hand Cart
34:49 Fletching
35:56 Town Patrol
38:48 Imperial Age
37:15 Gold Shaft Mining
40:38 Plate Barding Armor
41:03 Blast Furnace
41:43 Heavy Plow
44:10 Ballistics
WennisTheMenace
4:37 Loom
14:33 Feudal Age
15:00 Town Watch
20:38 Castle Age
19:53 Double-Bit Axe
19:51 Horse Collar
23:02 Scale Mail Armor
23:13 Forging
23:06 Squires
25:21 Wheelbarrow
26:35 Arson
29:40 Chain Mail Armor
30:03 Iron Casting
32:55 Heavy Plow
33:04 Gold Mining
33:05 Elite Skirmisher
36:45 Imperial Age
36:35 Fletching
36:46 Padded Archer Armor
37:16 Bodkin Arrow
38:34 Blast Furnace
38:35 Ballistics
38:38 Bracer
39:09 Plate Mail Armor
40:17 Leather Archer Armor
40:48 Conscription
40:34 Atlatl
42:11 Bow Saw
42:46 Garland Wars
johansoderstrom1
5:09 Loom
14:09 Feudal Age
17:49 Castle Age
16:23 Double-Bit Axe
18:47 Bow Saw
20:26 Wheelbarrow
22:39 Scale Barding Armor
25:58 Elite Skirmisher
26:31 Fletching
29:04 Bodkin Arrow
34:46 Imperial Age
33:24 Padded Archer Armor
35:16 Ballistics
37:51 Chemistry
38:30 Leather Archer Armor
Connection lost

Rejoining the realm…

Still unreachable

The connection could not be restored.

Session expired

The server has moved on; the page needs a fresh start.